 Dungeon Crawl Stone Soup version 0.19.1-1-g22dce08 (webtiles) character file.

5646 Gorglomux the Destroyer (level 10, -3/50 HPs)
             Began as a Deep Elf Conjurer on Jan 2, 2017.
             Was a Believer of Vehumet.
             Shot with a bolt by a yaktaur (11 damage)
             ... on level 9 of the Dungeon.
             The game lasted 00:31:38 (8952 turns).

Gorglomux the Destroyer (Deep Elf Conjurer)         Turns: 8952, Time: 00:31:39

Health: -3/50      AC:  8    Str:  5    XL:     10   Next: 46%
Magic:  34/35      EV: 13    Int: 24    God:    Vehumet [**....]
Gold:   434        SH:  8    Dex: 21    Spells: 7 memorised, 10 levels left

rFire  . . .     SeeInvis .     a - +0 whip (freeze)
rCold  . . .     Gourm    +     K - +0 robe {MR+}
rNeg   . . .     Faith    .     m - +2 buckler
rPois  .         Spirit   .     R - +2 helmet
rElec  .         Reflect  .     (no cloak)
rCorr  .         Harm     .     E - +1 pair of gloves of Epeuhuu {Dex+6}
MR     ++...                    S - +0 pair of boots
Stlth  ++........               Q - amulet of the gourmand
                                (no ring)
                                e - ring of magical power

@: no status effects
A: no striking features
a: Renounce Religion


You were on level 9 of the Dungeon.
You worshipped Vehumet.
Vehumet was pleased with you.
You were completely stuffed.

You visited 2 branches of the dungeon, and saw 10 of its levels.
You also visited: Sewer.

You collected 434 gold pieces.

Inventory:

Hand Weapons
 a - a +0 whip of freezing (weapon)
 k - a +0 short sword
Armour
 m - a +2 buckler (worn)
 E - the +1 pair of gloves of Epeuhuu (worn) {Dex+6}
   (You found it on level 5 of the Dungeon)

   It affects your dexterity (+6).
 K - a +0 robe of magic resistance (worn)
 R - a +2 helmet (worn)
 S - a +0 pair of boots (worn)
Jewellery
 e - a ring of magical power (left hand)
 Q - an amulet of the gourmand (around neck)
Wands
 B - a wand of random effects (38/48)
 F - a wand of random effects (19/48)
 H - a wand of disintegration (18/24)
 N - a wand of digging (8/24)
Scrolls
 i - 2 scrolls of enchant armour {unknown}
 o - 8 scrolls of teleportation
 q - 3 scrolls of remove curse
 t - 2 scrolls of immolation {unknown}
 y - 2 scrolls of enchant weapon {unknown}
 A - 2 scrolls of fog
 I - 2 scrolls of magic mapping
 J - a scroll of recharging
 M - 2 scrolls of noise {unknown}
 O - 2 scrolls of identify
 P - a scroll of fear
Potions
 d - a potion of cancellation {unknown}
 f - 3 potions of brilliance
 g - 5 potions of curing
 l - 3 potions of ambrosia
 n - 3 potions of heal wounds
 p - a potion of agility
 s - a potion of lignification {unknown}
 v - 3 potions of might
 w - 5 potions of flight
 z - a potion of haste {unknown}
 D - 2 potions of resistance {unknown}
 G - 2 potions of magic
 L - a potion of invisibility {unknown}
 T - a potion of cure mutation {unknown}
Books
 b - a book of Conjurations

   Spells                             Type                      Level
   a - Magic Dart                     Conjuration                  1
   b - Searing Ray                    Conjuration                  2
   c - Dazzling Spray                 Conjuration/Hexes            3
   d - Fulminant Prism                Conjuration/Hexes            4
   e - Iskenderun's Mystic Blast      Conjuration                  4
   f - Iskenderun's Battlesphere      Conjuration/Charms           5
 r - a book of Necromancy

   Spells                             Type                      Level
   a - Pain                           Necromancy                   1
   b - Animate Skeleton               Necromancy                   1
   c - Vampiric Draining              Necromancy                   3
   d - Regeneration                   Charms/Necromancy            3
   e - Animate Dead                   Necromancy                   4
   f - Control Undead                 Necromancy                   4
Comestibles
 c - 11 bread rations
 h - 8 beef jerkies
 j - 5 meat rations
 u - 6 fruits
 x - a royal jelly


   Skills:
 - Level 2.4 Dodging
 - Level 2.4 Stealth
 + Level 3.1 Shields
 - Level 10.4 Spellcasting
 - Level 12.0 Conjurations
 - Level 10.0 Charms
 - Level 4.0 Necromancy


You had 10 spell levels left.
You knew the following spells:

 Your Spells              Type           Power        Failure   Level  Hunger
a - Magic Dart            Conj           ####         1%          1    None
b - Searing Ray           Conj           ######       1%          2    None
c - Iskenderun's Battles  Conj/Chrm      ######..     1%          5    ####...
d - Iskenderun's Mystic   Conj           ######..     1%          4    None
e - Dazzling Spray        Conj/Hex       #####.       1%          3    None
f - Regeneration          Chrm/Necr      #####.....   1%          3    None
Q - Animate Skeleton      Necr           N/A          1%          1    None


Dungeon Overview and Level Annotations

Branches:
Dungeon (9/15)             Temple (1/1) D:6
   Lair: D:8-11         Orc: D:9-12

Altars:
Ashenzari
Cheibriados
Dithmenos
Elyvilon
Fedhas
Gozag
Hepliaklqana
Kikubaaqudgha
Makhleb
Qazlal
Sif Muna
Trog
Uskayaw
Vehumet
The Shining One

Shops:
D:4 *   D:8 [

Annotations:
D:7 galech's ghost, novice DDFi


Message History

The orb of energy hits the yaktaur.
The yaktaur is heavily wounded.
The orb of energy explodes!
The yaktaur barely misses you.
Casting: Iskenderun's Mystic Blast
Confirm with . or Enter, or press ? or * to list all spells.
Aiming: Iskenderun's Mystic Blast
Press: ? - help, Shift-Dir - straight line, f/p - yaktaur
Aim: a yaktaur (heavily wounded)
The orb of energy hits the yaktaur.
The yaktaur is severely wounded.
The orb of energy explodes!
The mystic blast hits the hippogriff.
The hippogriff is heavily wounded.
The hippogriff bites you! The hippogriff pecks you. The hippogriff misses you.
The yaktaur hits you!
* * * LOW HITPOINT WARNING * * *
Things that are here:
a robe; a dagger; a whip
There is an open door here.
The yaktaur wields an arbalest.
The yaktaur shoots a bolt.
The bolt hits you!
You die...

#.# #..# ##+# #.###..#
##...## #..c...#
##.....## ######c#
##.......## ##.###.#
#.........####)..##.####
+.........'c...[........
#.........####...##.####
#.....@H## ##.###.#
##.....## #####.####
##...## #........# ##'##
#.###.##.# #.#
#.##..##.# #.#
#.##.###.# ##.##
#.##.###.# ##>.)##
#........#
##.....##########.#####


You could see a yaktaur and a hippogriff.

Vanquished Creatures
  A hill giant (D:7)
  Pikel (D:5)
  A komodo dragon (D:8)
  Prince Ribbit (D:6)
  A hornet (D:4)
  Sigmund (D:5)
  Grum (D:9)
  Menkaure (D:6)
  A water moccasin (D:8)
  Duvessa (D:5)
  3 orc warriors
  A slave (D:6)
  2 black bears
  An ogre (D:7)
  3 wolves (D:9)
  3 centaurs
  2 phantoms (D:8)
  A big kobold (D:8)
  4 bullfrogs
  A gnoll sergeant (D:7)
  Dowan (D:5)
  4 scorpions
  2 howler monkeys
  4 crimson imps
  A bullfrog zombie (D:7)
  3 jellies
  4 bullfrog skeletons
  2 gnoll shamans
  13 orc wizards
  A centaur skeleton (D:9)
  3 orc priests
  A hound (D:8)
  Crazy Yiuf (D:5)
  An iguana (D:7)
  5 worker ants
  A hound skeleton (D:8)
  A hound zombie (D:9)
  A worker ant zombie (D:7)
  11 gnolls
  9 adders
  4 river rats (Sewer)
  A shadow imp (D:8)
  2 oozes
  2 adder skeletons (D:7)
  2 dart slugs
  2 leopard geckos
  28 orcs
  5 giant cockroaches
  8 goblins
  7 hobgoblins
  11 jackals
  2 quokkas
  11 ball pythons
  A ball python zombie (D:5)
  8 bats
  8 frilled lizards
  15 kobolds
  2 leopard gecko skeletons
  A quokka skeleton (D:8)
  37 rats
257 creatures vanquished.

Vanquished Creatures (others)
  A slave (D:6)
1 creature vanquished.

Grand Total: 258 creatures vanquished

Notes
Turn   | Place    | Note
-------+----------+-------------------------------------------
     0 | D:1      | Gorglomux the Deep Elf Conjurer began the quest for the Orb.
     0 | D:1      | Reached XP level 1. HP: 10/10 MP: 6/6
   164 | D:1      | Reached XP level 2. HP: 15/15 MP: 8/8
   279 | D:1      | Reached skill level 5 in Conjurations
   470 | D:1      | Reached XP level 3. HP: 19/19 MP: 10/10
   782 | D:2      | Learned a level 2 spell: Searing Ray
   899 | D:2      | You fall through a shaft for 2 floors!
   903 | D:4      | Reached XP level 4. HP: 24/24 MP: 11/11
   943 | D:4      | Reached skill level 6 in Conjurations
   963 | D:4      | Reached XP level 5. HP: 21/28 MP: 12/13
   981 | D:4      | Learned a level 5 spell: Iskenderun's Battlesphere
  1001 | D:4      | Noticed a hornet
  1010 | D:4      | Killed a hornet
  1010 | D:4      | Reached skill level 5 in Spellcasting
  1010 | D:4      | Reached skill level 7 in Conjurations
  1010 | D:4      | Reached XP level 6. HP: 13/32 MP: 10/15
  1123 | D:4      | Learned a level 4 spell: Iskenderun's Mystic Blast
  1199 | D:4      | Found a hide-covered altar of Uskayaw.
  1308 | D:4      | Found Akhlem's Assorted Antiques.
  1612 | D:3      | Learned a level 1 spell: Animate Skeleton
  1979 | D:3      | Found a snail-covered altar of Cheibriados.
  2172 | D:3      | Reached XP level 7. HP: 36/36 MP: 11/17
  2738 | D:5      | Entered Level 5 of the Dungeon
  2827 | D:5      | Found a glowing drain.
  2926 | D:5      | Got a pair of faintly glowing gloves
  2932 | D:5      | Identified the +1 pair of gloves of Epeuhuu {Dex+6} (You found it on level 5 of the Dungeon)
  3065 | D:5      | Reached skill level 8 in Conjurations
  3225 | Sewer    | Entered a sewer
  3343 | Sewer    | Learned a level 3 spell: Dazzling Spray
  3685 | Sewer    | Reached skill level 5 in Charms
  3959 | D:5      | Noticed Duvessa
  3969 | D:5      | Noticed Dowan
  3970 | D:5      | Killed Duvessa
  3970 | D:5      | Reached XP level 8. HP: 41/41 MP: 17/20
  3974 | D:5      | Killed Dowan
  4310 | D:5      | Reached skill level 9 in Conjurations
  4369 | D:5      | Noticed Sigmund
  4448 | D:5      | Killed Sigmund
  4653 | D:5      | Found a runed door.
  4658 | D:5      | Noticed Crazy Yiuf
  4661 | D:5      | Killed Crazy Yiuf
  4747 | D:6      | Noticed Menkaure
  4751 | D:6      | Killed Menkaure
  4753 | D:6      | Noticed Pikel
  4789 | D:5      | Killed Pikel
  4789 | D:5      | Reached skill level 10 in Conjurations
  4789 | D:5      | Reached XP level 9. HP: 32/45 MP: 1/23
  5071 | D:6      | Found an ancient bone altar of Kikubaaqudgha.
  5109 | D:6      | Found a staircase to the Ecumenical Temple.
  5115 | Temple   | Entered the Ecumenical Temple
  5136 | Temple   | Became a worshipper of Vehumet
  5199 | D:6      | Found a bloodstained altar of Trog.
  5268 | D:6      | Found a burning altar of Makhleb.
  5284 | D:6      | Found a white marble altar of Elyvilon.
  5327 | D:6      | Found a shattered altar of Ashenzari.
  5371 | D:6      | Noticed Prince Ribbit
  5376 | D:6      | Killed Prince Ribbit
  5915 | D:7      | Reached skill level 11 in Conjurations
  5942 | D:7      | Reached skill level 1 in Necromancy
  6258 | D:7      | Noticed a hill giant
  6270 | D:7      | Noticed galech's ghost (novice DDFi)
  6423 | D:7      | Reached * piety under Vehumet
  6423 | D:7      | Offered knowledge of Flame Tongue by Vehumet.
  7075 | D:7      | Found a deep blue altar of Sif Muna.
  7348 | D:7      | Killed a hill giant
  7366 | D:7      | Reached XP level 10. HP: 27/50 MP: 13/25
  7808 | D:8      | Found Lyituk's Armour Boutique.
  7895 | D:8      | Reached skill level 12 in Conjurations
  7995 | D:8      | Reached skill level 1 in Shields
  8000 | D:8      | Reached ** piety under Vehumet
  8000 | D:8      | Offered knowledge of Sting by Vehumet.
  8022 | D:8      | Found a glowing golden altar of the Shining One.
  8410 | D:9      | Reached skill level 10 in Charms
  8414 | D:9      | Reached skill level 10 in Spellcasting
  8647 | D:9      | Noticed Grum
  8651 | D:9      | Killed Grum
  8655 | D:9      | Offered knowledge of Stone Arrow by Vehumet.
  8818 | D:9      | Learned a level 3 spell: Regeneration
  8952 | D:9      | Shot with a bolt by a yaktaur

Skill      XL: |  1  2  3  4  5  6  7  8  9 10 |
---------------+-------------------------------+-----
Conjurations   | 5 6 7 8 10 11 12 | 12.0
Spellcasting   | 4 5 6 8 9 10 | 10.4
Charms         | 2 3 5 7 9 10 | 10.0
Necromancy     | 3 4 |  4.0
Shields        | 3 |  3.1
Dodging        | |  2.4
Stealth        | |  2.4

Action                   |  1- 3 |  4- 6 |  7- 9 | 10-12 || total
-------------------------+-------+-------+-------+-------++-------
Melee: Short sword       |       |       |    19 |       ||    19
       Whip              |       |       |    21 |    15 ||    36
 Cast: Magic Dart        |    68 |    49 |   103 |    64 ||   284
       Searing Ray       |     1 |     5 |    26 |     2 ||    34
       Iskenderun's Myst |       |     4 |    46 |    22 ||    72
       Dazzling Spray    |       |       |    30 |     7 ||    37
       Iskenderun's Batt |       |       |    15 |    10 ||    25
       Animate Skeleton  |       |       |     8 |       ||     8
       Regeneration      |       |       |       |     1 ||     1
  Use: Scroll            |       |       |    14 |       ||    14
       Potion            |       |       |     1 |       ||     1
  Eat: Chunk             |       |     3 |    22 |    17 ||    42
       Fruit             |       |       |     3 |       ||     3
Armor: Robe              |     2 |       |    26 |    10 ||    38
Dodge: Dodged            |     7 |     8 |    88 |    18 ||   121
Block: Buckler           |       |     3 |    50 |    12 ||    65
